 Dungeon Crawl Stone Soup version 0.31-a0-691-g409c26aa35 (webtiles) character file.

Game seed: 13383733935973928582

0 lunkers the Ruffian (level 1, -2/16 HPs)
             Began as a Meteoran Shapeshifter on Sept 6, 2023.
             Slain by a gnoll
             ... wielding a +0 flail
              (4 damage)
             ... on level 1 of the Dungeon.
             The game lasted 00:00:13 (78 turns).

lunkers the Ruffian (Meteoran Shapeshifter)           Turns: 78, Time: 00:00:13

Health: -2/16      AC:  5    Str: 15    XL:     1   Next: 14%
Magic:  2/2        EV: 11    Int: 11    God:
Gold:   0          SH:  0    Dex: 13    Spells: 0/0 levels left

rFire   . .          .
                       - Unarmed
rCold   . . .        (no shield)
rNeg    . . .        f - +0 ring mail
rPois   .            (helmet currently unavailable)
rElec   .            (cloak currently unavailable)
rCorr   .            (gloves currently unavailable)
SInv    .            (boots currently unavailable)
Will    .....        (no amulet)
Stlth   +            (no ring)
HPRegen 0.22/turn    (no ring)
MPRegen 0.08/turn

%: no passive effects
@: beast-form, glowing
A: beast (slay +2), sense surroundings 1, otherworldly, glowing, explore regen
a: Begin Untransformation


You were on level 1 of the Dungeon.
You were a hulking beast.
You visited 1 branch of the dungeon, and saw 1 of its levels.

Inventory:

Armour
 a - a +0 animal skin
 f - a +0 ring mail (worn)
Talismans
 c - a beast talisman (active)
 d - a flux talisman
Potions
 b - a potion of lignification
 e - a potion of attraction {unknown}


   Skills:
 - Level 1.1 Fighting
 - Level 2.1 Dodging
 * Level 3.6 Unarmed Combat
 + Level 3.6 Shapeshifting


You couldn't memorise any spells.
You didn't know any spells.
Your spell library was empty.

Dungeon Overview and Level Annotations

Branches:
Dungeon (1/15) Zot: 521

Altars:


Innate Abilities, Weirdness & Mutations

You are a hulking beast.
Your limbs bulge with bestial killing power. (Slay +2)
You passively map a small area around you.
You are easily found by Zot.
You glow in the dark.
You regain HP and MP as you explore.


Message History

A rat is nearby!
Found a robe.
The rat misses you.
The rat twitches its whiskers.
You see here a puce potion.
e - a puce potion The rat barely misses you.
You closely miss the rat. The rat bites you.
You barely miss the rat. The rat barely misses you.
You hit the rat.
You kill the rat!
You see here a rat corpse.
No target in view!
No target in view!
You see here a +0 ring mail.
f - a +0 ring mail You start removing your armour.
You continue taking off your +0 animal skin. x4
You finish taking off your +0 animal skin.
You start putting on your armour.
You continue putting on your +0 ring mail. x5
You finish putting on your +0 ring mail.
A gnoll comes into view. It is wielding a +0 flail.
The gnoll shouts!
A gnoll is nearby!
The gnoll attacks as it pursues you! The gnoll barely misses you.
You barely miss the gnoll. The gnoll hits you with a +0 flail!
Ouch! That really hurt!
* * * LOW HITPOINT WARNING * * *
You hit the gnoll.
The gnoll is moderately wounded.
The gnoll barely misses you.
You hit the gnoll.
The gnoll is heavily wounded.
The gnoll hits you with a +0 flail.
* * * LOW HITPOINT WARNING * * *
You barely miss the gnoll.
The gnoll is heavily wounded.
The gnoll hits you with a +0 flail.
You die...

* * , , * * * , *, * ## *
## * , , . , #.## * ##*.
* ,..., #... . ,, ,
##.#.#.############.##* #
, .......gh............#
# #....#.#####......#..#
# * ... ... ####.###..# #
*.*..... #.##.# #..# #
....... * #.##.# #..####
, .#..#.. ,,,#....#
#...... *
....#.####.##.######.####
...,#....................
.....##.........(..


You could see a gnoll.

Vanquished Creatures
  A rat (D:1)
1 creature vanquished.

Notes
Turn   | Place    | Note
-------+----------+-------------------------------------------
     0 | D:1      | lunkers the Meteoran Shapeshifter began the quest for the
                  | Orb.
     0 | D:1      | Reached XP level 1. HP: 16/16 MP: 2/2
    78 | D:1      | Slain by a gnoll

Illustrated notes

Levels and vault maps discovered:
D:1:      psy_arrival_terrarium, layout_basic

Action                     || total
---------------------------++-------
  Melee: Unarmed           ||     7
 Armour: Ring mail         ||     3
         Animal skin       ||     1
  Dodge: Dodged            ||     5

Table legend: (Time is in decaauts)
 A = Elapsed time spent in this place.
 B = Non-inter-level travel time spent in this place.
 C = Inter-level travel time spent in this place.
 D = Time resting spent in this place.
 E = Time spent auto-exploring this place.
 F = Levels seen in this place.
 G = Mean time per level.
                   A        B        C        D        E       F      G
               +--------+--------+--------+--------+--------+-----+--------+
         Total |     77 |     77 |      0 |      0 |     32 |   1 |   77.0 |
       Dungeon |     77 |     77 |      0 |      0 |     32 |   1 |   77.0 |
               +--------+--------+--------+--------+--------+-----+--------+

Top non-repeatable levels by time:
     D:1: 77 daAuts
